[Event "Titled Tuesday Blitz July 25 Early 2023"]
[White "Madaminov, Mukhiddin"]
[Black "Remizov, Yaroslav"]
[WhiteFideId "14210703"]
[BlackFideId "34134015"]
[WhiteElo "2924"]
[BlackElo "2762"]
[Result "1-0"]
[Round "5"]
[TimeControl "180+2"]
[Date "2023.07.25"]
[WhiteClock "0:00:58"]
[BlackClock "0:00:15"]
[Board "15"]

1. e4 c6 2. Nf3 d5 3. Nc3 dxe4 4. Nxe4 Nf6 5. Qe2 Nxe4 6. Qxe4 Qd5 7. Qf4 Qf5 8. Qe3 Qxc2 9. Bd3 Qa4 10. b3 Qb4 11. Bb2 Be6 12. O-O Bd5 13. Ne5 Nd7 14. Nxd7 Kxd7 15. Bc3 Qh4 16. f4 e6 17. f5 Bd6 18. fxe6+ Bxe6 19. Be5 Rad8 20. Rf4 Qh6 21. Raf1 Kc7 22. Bc4 Bxc4 23. bxc4 f6 24. Bxd6+ Rxd6 25. Qxa7 Qg5 26. d4 Rb8 27. d5 cxd5 28. cxd5 Qxd5 29. h3 Rc6 30. Rf5 Qc4 31. R1f4 Qc1+ 32. Kh2 Qd2 33. Rd4 Qe2 34. Rfd5 Qe8 35. Rd7+ Qxd7 36. Rxd7+ Kxd7 37. Qxb8 Rb6 38. Qf8 Re6 39. Qxg7+ Re7 40. Qxf6 Re6 41. Qf5 Kd6 42. Qxh7 b6 43. h4 b5 44. h5 b4 45. h6 b3 46. axb3 Ke5 47. Qg7+ Kd6 48. h7 Kc6 49. h8=Q Kb6 50. Qb8+ Kc5 51. Qgc7+ Rc6 52. Qbb6+ Kd5 53. Qbxc6+ Kd4 54. Qf4+ Kd3 55. Qcf3+ Kc2 56. b4 Kb2 57. g4 Kc2 58. g5 Kb2 59. g6 Kc2 60. g7 Kb2 61. g8=Q Kc2 62. b5 Kb2 63. b6 Kc2 64. b7 Kb2 65. b8=Q+ Kc2 66. Qc6+ Kd3 67. Qgd5+ Ke2 68. Qfe4+ Kf2 69. Qg3+ Kf1 70. Qgf3# 1-0


[Site "https://www.chess.com"]

[Event "Titled Tuesday Blitz July 25 Early 2023"]
[White "Becerra Rivero, Julio"]
[Black "Csonka, Balazs"]
[WhiteFideId "3501728"]
[BlackFideId "742910"]
[WhiteElo "2878"]
[BlackElo "2749"]
[Result "1/2-1/2"]
[Round "5"]
[TimeControl "180+2"]
[Date "2023.07.25"]
[WhiteClock "0:00:05"]
[BlackClock "0:00:03"]
[Board "16"]

1. e4 e6 2. d4 d5 3. e5 c5 4. c3 Nc6 5. Nf3 Bd7 6. Be2 f6 7. O-O fxe5 8. dxe5 Qc7 9. c4 d4 10. a3 Nge7 11. Bf4 Ng6 12. Bg3 Ncxe5 13. Nxe5 Nxe5 14. b4 b6 15. Nd2 Bc6 16. Bh5+ g6 17. Nf3 Bd6 18. Re1 Bxf3 19. Bxf3 Rd8 20. Bxe5 Bxe5 21. Qe2 Bxh2+ 22. Kh1 O-O 23. g3 Bxg3 24. fxg3 Qxg3 25. Qxe6+ Kh8 26. Bg2 Rf2 27. Qe5+ Qxe5 28. Rxe5 cxb4 29. axb4 d3 30. Rd1 Rc2 31. c5 d2 32. c6 Rc1 33. Bf3 Rd3 34. Be2 Rdc3 35. Kg2 Rxd1 36. Bxd1 Rxc6 37. Rd5 Rc4 38. b5 Rc5 39. Rxc5 bxc5 40. Kf3 Kg7 41. Ke3 Kf6 42. Kxd2 Ke5 43. Kc3 h5 44. Kc4 Kd6 45. Bf3 h4 46. Bg4 Kc7 47. Kxc5 Kb7 48. Bh3 Kc7 49. Bg4 Kb7 50. Bf3+ Kc7 51. Bg4 1/2-1/2


[Site "https://www.chess.com"]

[Event "Titled Tuesday Blitz July 25 Early 2023"]
[White "Suyarov, Mukhammadzokhid"]
[Black "Grandelius, Nils"]
[WhiteFideId "14210495"]
[BlackFideId "1710400"]
[WhiteElo "2738"]
[BlackElo "2874"]
[Result "0-1"]
[Round "5"]
[TimeControl "180+2"]
[Date "2023.07.25"]
[WhiteClock "0:00:11"]
[BlackClock "0:00:11"]
[Board "17"]

1. d4 Nf6 2. Nc3 d5 3. Bf4 Bf5 4. f3 e6 5. g4 Bg6 6. h4 h5 7. g5 Nfd7 8. e4 Bb4 9. Ne2 dxe4 10. a3 Bxc3+ 11. Nxc3 Nc6 12. Nxe4 O-O 13. Be3 Nb6 14. c4 Re8 15. Bg2 Nxc4 16. Bf2 Ne7 17. O-O Nd5 18. Re1 a5 19. Bf1 Nd6 20. Rc1 a4 21. Bg3 Nf5 22. Bf2 Qe7 23. Bh3 Red8 24. Qd2 b6 25. Rc6 Qd7 26. Rec1 Ra7 27. R6c2 Nde7 28. Rd1 Nc6 29. Qc3 Ncxd4 30. Bxf5 Nxf3+ 31. Kg2 Qxd1 32. Bxg6 fxg6 33. Rc1 Qe2 34. Qxf3 Qxb2 35. Rc6 Qe5 36. Bg3 Qf5 37. Qe3 Qd5 38. Rc2 Rf8 39. Rd2 Qc6 40. Qd4 Ra5 41. Re2 Rd5 42. Qb4 Rd3 43. Qe7 Qd5 44. Qxc7 Rff3 45. Qe5 Rxg3+ 46. Qxg3 Rxg3+ 47. Kxg3 Qd3+ 48. Kf2 Qxa3 49. Rd2 Qb4 50. Rd8+ Kf7 51. Ke3 a3 52. Rd7+ Ke8 53. Rxg7 a2 54. Ra7 Qb3+ 55. Kf4 Qb2 56. Nd6+ Kd8 57. Rb7 Qd4+ 58. Ne4 a1=Q 59. Ra7 Qxa7 60. Kf3 Qf7+ 61. Nf6 Qfxf6+ 62. gxf6 Qxf6+ 63. Kg3 e5 64. Kg2 b5 65. Kg3 b4 66. Kg2 b3 67. Kg3 b2 68. Kg2 b1=Q 69. Kg3 Qd3+ 70. Kg2 Qff3+ 71. Kg1 Qdf1+ 72. Kh2 Q3h3# 0-1


[Site "https://www.chess.com"]

[Event "Titled Tuesday Blitz July 25 Early 2023"]
[White "Ozates, Tuna"]
[Black "Kazakouski, Valery"]
[WhiteFideId "6354521"]
[BlackFideId "13507443"]
[WhiteElo "2593"]
[BlackElo "2862"]
[Result "0-1"]
[Round "5"]
[TimeControl "180+2"]
[Date "2023.07.25"]
[WhiteClock "0:00:00"]
[BlackClock "0:00:06"]
[Board "18"]

1. e4 c5 2. Nf3 a6 3. c3 d5 4. exd5 Qxd5 5. d4 Bg4 6. Be2 Nf6 7. c4 Qd6 8. dxc5 Qxc5 9. Nc3 e6 10. Be3 Qc7 11. h3 Bh5 12. O-O Nbd7 13. Rc1 b6 14. Qa4 Bc5 15. Bxc5 bxc5 16. a3 O-O 17. b4 Rfb8 18. Rfd1 Ra7 19. Rd2 cxb4 20. axb4 Bxf3 21. Bxf3 Qxc4 22. Ne2 Qh4 23. Rcd1 Qxb4 24. Qxb4 Rxb4 25. Bc6 Nf8 26. Rd8 g5 27. Rc8 Kg7 28. Rdd8 Ng6 29. Ng3 a5 30. Ra8 Rxa8 31. Rxa8 Rb1+ 32. Kh2 Ra1 33. Ne2 Ra2 34. Nd4 Rxf2 35. Rxa5 h6 36. Ra7 Nf4 37. Kg1 Rd2 38. Nb3 Rc2 39. Bf3 h5 40. Nd4 Rd2 41. Nc6 g4 42. hxg4 hxg4 43. Ne5 gxf3 44. Rxf7+ Kh6 45. gxf3 N6h5 46. Ng4+ Kg5 47. Re7 Kh4 48. Kf1 Kg3 49. Ke1 Re2+ 50. Kd1 Kxf3 0-1


[Site "https://www.chess.com"]

[Event "Titled Tuesday Blitz July 25 Early 2023"]
[White "So, Wesley"]
[Black "NikaVolkov"]
[WhiteFideId "5202213"]
[WhiteElo "3091"]
[BlackElo "2726"]
[Result "1-0"]
[Round "5"]
[TimeControl "180+2"]
[Date "2023.07.25"]
[WhiteClock "0:00:18"]
[BlackClock "0:00:16"]
[Board "19"]

1. e3 d5 2. d4 e6 3. Nf3 Nf6 4. Bd3 c5 5. O-O Nc6 6. c3 cxd4 7. exd4 Ne4 8. Re1 f5 9. Bf4 Bd6 10. Bxd6 Qxd6 11. Nbd2 O-O 12. Nf1 Bd7 13. Bb5 Be8 14. Bxc6 bxc6 15. Ne5 c5 16. f3 Nf6 17. dxc5 Qxc5+ 18. Qd4 Qxd4+ 19. cxd4 Bb5 20. Nd2 Rfc8 21. Rac1 Nd7 22. Nxd7 Bxd7 23. Nb3 Kf7 24. Rxc8 Rxc8 25. Nc5 Ke7 26. f4 a5 27. Kf2 Rb8 28. b3 Rb4 29. Ke3 Kd6 30. Kd3 Rb8 31. Kc3 h6 32. g3 g5 33. Rf1 Bb5 34. Rf3 Bc6 35. a3 Rg8 36. a4 Rb8 37. Re3 Bd7 38. Rf3 Kc6 39. Rf2 Rg8 40. b4 axb4+ 41. Kxb4 gxf4 42. gxf4 Rg1 43. Rc2 Rb1+ 44. Kc3 Rf1 45. a5 Bc8 46. Kd2 Kd6 47. Ke3 Re1+ 48. Kf2 Rd1 49. a6 Ra1 50. Nb3 Rxa6 51. Rxc8 Ra2+ 52. Kg3 Rb2 53. Rc3 Re2 54. h3 Re1 55. Nc5 Rd1 56. Rd3 Rg1+ 57. Kf2 Rg6 58. Re3 Ke7 59. Kf3 Kd6 60. h4 Ke7 61. h5 Rf6 62. Ke2 Kd6 63. Kd3 Ke7 64. Kc3 Kd6 65. Kb4 Ke7 66. Rxe6+ 1-0


[Site "https://www.chess.com"]

[Event "Titled Tuesday Blitz July 25 Early 2023"]
[White "Bryakin, Mikhail"]
[Black "Giri, Anish"]
[WhiteFideId "4165314"]
[BlackFideId "24116068"]
[WhiteElo "2740"]
[BlackElo "3038"]
[Result "0-1"]
[Round "5"]
[TimeControl "180+2"]
[Date "2023.07.25"]
[WhiteClock "0:00:06"]
[BlackClock "0:00:13"]
[Board "20"]

1. c4 e5 2. Nc3 Nf6 3. g3 Bb4 4. Bg2 O-O 5. e3 Bxc3 6. bxc3 Re8 7. Ne2 c6 8. O-O d5 9. cxd5 cxd5 10. d4 Nc6 11. dxe5 Nxe5 12. Nd4 Bg4 13. Qb3 b6 14. a4 Rc8 15. Bb2 Ne4 16. Qc2 Nc4 17. Bc1 Bh5 18. f3 Nc5 19. e4 dxe4 20. fxe4 Bg6 21. Re1 Nd6 22. Bf4 Ndxe4 23. Qe2 Nxc3 24. Qxe8+ Qxe8 25. Rxe8+ Rxe8 26. Bc6 Rd8 27. Nb5 Ne2+ 28. Kf2 Nxf4 29. gxf4 a5 30. Na7 h6 31. Bb5 Ne4+ 32. Kf3 Nc3 33. Bc6 Rd3+ 34. Kg2 Rd2+ 35. Kg3 Ne2+ 36. Kf3 Nd4+ 37. Ke3 Rd3+ 38. Kf2 Rh3 39. Kg2 Rc3 40. Ba8 Rc7 41. Nb5 Nxb5 42. axb5 Rc5 43. Bc6 Bd3 44. Rd1 Bxb5 45. Rd8+ Kh7 46. Be4+ g6 47. Rb8 Bc6 48. Bxc6 Rxc6 49. Kf3 Kg7 50. Ke4 Re6+ 51. Kf3 Kf6 52. Rb7 Rc6 53. Ke4 a4 54. Ra7 b5 55. Ra5 Rb6 56. h4 b4 57. Rxa4 b3 58. Ra1 b2 59. Rb1 Rb4+ 60. Kf3 Kf5 61. Ke3 h5 0-1


[Site "https://www.chess.com"]

[Event "Titled Tuesday Blitz July 25 Early 2023"]
[White "Morefield, Jason"]
[Black "Andreikin, Dmitry"]
[WhiteFideId "30920825"]
[BlackFideId "4158814"]
[WhiteElo "2739"]
[BlackElo "3027"]
[Result "1/2-1/2"]
[Round "5"]
[TimeControl "180+2"]
[Date "2023.07.25"]
[WhiteClock "0:00:06"]
[BlackClock "0:00:09"]
[Board "21"]

1. e4 e5 2. Nf3 Nc6 3. Bb5 a6 4. Ba4 d6 5. O-O Bd7 6. c3 g5 7. d4 g4 8. Ne1 h5 9. f4 exd4 10. cxd4 Bg7 11. Be3 Nce7 12. Bb3 d5 13. Nd3 dxe4 14. Ne5 Nh6 15. Nc3 Bf5 16. Rc1 c6 17. d5 O-O 18. Bc5 Re8 19. d6 Ng6 20. d7 Rxe5 21. fxe5 Nxe5 22. Be3 Qxd7 23. Qxd7 Bxd7 24. Nxe4 Nf5 25. Bg5 Be6 26. Bxe6 fxe6 27. Nc5 Re8 28. Nxb7 Nd3 29. Rxc6 Bd4+ 30. Kh1 Rf8 31. Rcc1 Nxc1 32. Rxc1 Rb8 33. Nd8 Rxb2 34. Nxe6 Rxa2 35. Rd1 Ra1 36. Rxa1 Bxa1 37. Nc5 a5 38. Bd2 Bd4 39. Na4 Nd6 40. Bxa5 Ne4 41. Be1 Kf7 42. g3 Ke6 43. Kg2 Kd5 44. h3 Kc4 45. hxg4 hxg4 46. Kf1 Kd3 47. Ba5 Nxg3+ 48. Kg2 Nf5 49. Bb6 Be5 50. Nc5+ Ke2 51. Nd7 Nh4+ 52. Kg1 Bf4 53. Bf2 Nf5 54. Nf6 Kf3 55. Nxg4 Kxg4 56. Kg2 Nh6 57. Bg1 Nf7 58. Bf2 Bg5 59. Bg1 Nd6 60. Bf2 Nf5 61. Bg1 Nh4+ 62. Kf2 Be7 63. Ke2 Nf3 64. Bf2 Kf4 65. Be3+ Ke4 66. Bf2 Bg5 67. Ba7 Ne5 68. Bf2 Nd3 69. Ba7 Bh4 70. Bg1 Nf4+ 71. Kd2 Be7 72. Kc2 Nd3 73. Bb6 Nb4+ 74. Kb3 Nd5 75. Ba5 Kd3 76. Be1 Ne3 77. Ba5 Nc2 78. Bc3 Bd6 79. Bb2 Ne3 80. Bc3 Nc4 81. Be1 Ne5 82. Bb4 Bc7 83. Bc3 Nc6 84. Be1 Nd4+ 85. Kb2 Bd6 86. Bc3 Nb5 87. Bf6 Bc5 88. Kb3 Nd6 89. Be7 Ne4 90. Bxc5 1/2-1/2


[Site "https://www.chess.com"]

[Event "Titled Tuesday Blitz July 25 Early 2023"]
[White "Fantastic_Power"]
[Black "Duda, Jan-Krzysztof"]
[BlackFideId "1170546"]
[WhiteElo "2737"]
[BlackElo "2995"]
[Result "0-1"]
[Round "5"]
[TimeControl "180+2"]
[Date "2023.07.25"]
[WhiteClock "0:00:08"]
[BlackClock "0:01:11"]
[Board "22"]

1. e4 c5 2. d4 cxd4 3. Nf3 e5 4. c3 dxc3 5. Nxc3 Nc6 6. Bc4 h6 7. Qb3 Qf6 8. Nd5 Qd6 9. Bd2 Nf6 10. O-O Nxe4 11. Rad1 Nc5 12. Qc2 b5 13. Bb3 Be7 14. Be3 Nxb3 15. Qxb3 O-O 16. Qxb5 Rb8 17. Qa4 Rxb2 18. Bxa7 Nxa7 19. Qxa7 Bb7 20. Qa5 Re8 21. Qc3 Rxa2 22. Qb3 Ra7 23. Nb6 Qg6 24. Rxd7 Ra3 0-1


[Site "https://www.chess.com"]

[Event "Titled Tuesday Blitz July 25 Early 2023"]
[White "Kevlishvili, Robby"]
[Black "Skvortsov, Andrei"]
[WhiteFideId "1040634"]
[BlackFideId "24108600"]
[WhiteElo "2994"]
[BlackElo "2736"]
[Result "1-0"]
[Round "5"]
[TimeControl "180+2"]
[Date "2023.07.25"]
[WhiteClock "0:01:08"]
[BlackClock "0:00:01"]
[Board "23"]

1. Nf3 e6 2. g3 b5 3. Bg2 Bb7 4. O-O c5 5. d3 Be7 6. e4 d6 7. Nbd2 Nf6 8. Re1 Nbd7 9. Nf1 Qc7 10. h4 h6 11. c3 a5 12. Qe2 Ne5 13. a4 b4 14. Nxe5 dxe5 15. Ne3 Ba6 16. Nc4 O-O-O 17. b3 Bxc4 18. dxc4 Nd7 19. h5 Nb8 20. Qg4 Rhg8 21. cxb4 cxb4 22. c5 Nc6 23. Be3 Nd4 24. Bxd4 Rxd4 25. Rac1 Bg5 26. Rc2 Rgd8 27. Bf1 Rd2 28. Re2 Rd1 29. Kg2 Rb1 30. Rb2 Rc1 31. Rec2 Rdd1 32. Ba6+ Kb8 33. Qe2 Ka7 34. c6 Rg1+ 35. Kf3 f5 36. Bb7 Rce1 37. Qb5 1-0


[Site "https://www.chess.com"]

[Event "Titled Tuesday Blitz July 25 Early 2023"]
[White "Timmermans, Mark"]
[Black "Xiong, Jeffery"]
[WhiteFideId "1026399"]
[BlackFideId "2047640"]
[WhiteElo "2735"]
[BlackElo "2991"]
[Result "0-1"]
[Round "5"]
[TimeControl "180+2"]
[Date "2023.07.25"]
[WhiteClock "0:00:41"]
[BlackClock "0:00:19"]
[Board "24"]

1. b4 e5 2. Bb2 Bxb4 3. Bxe5 Nf6 4. Nc3 Ba5 5. e3 O-O 6. Nf3 Re8 7. Be2 Nc6 8. Bxf6 Qxf6 9. Nd5 Qd8 10. O-O Ne5 11. Nxe5 Rxe5 12. c4 c6 13. d4 Re8 14. Nf4 d6 15. Bd3 g6 16. Rb1 c5 17. dxc5 dxc5 18. Be2 Bc7 19. Qxd8 Rxd8 20. Nd5 Bd6 21. Bf3 Kg7 22. Rfd1 Rb8 23. g3 Be6 24. Kg2 Be5 25. a4 b6 26. Rd2 Bd7 27. Ra2 Be8 28. Be2 f5 29. f4 Bf6 30. Bf3 Rd6 31. e4 fxe4 32. Bxe4 Bd4 33. Re1 Bc6 34. Bf3 Re8 35. Rxe8 Bxe8 36. a5 b5 37. cxb5 Bxb5 38. Nc7 Bd7 39. Rc2 Kf8 40. Be2 Bf5 41. Rc4 Be4+ 42. Kf1 Bc6 43. Rc2 Be4 44. Rc4 Bc6 45. Rc2 Ke7 46. Bb5 Bf3 47. Be2 Be4 48. Rc1 Be3 49. Rc4 Bf5 50. Rc3 Bh3+ 51. Ke1 Bd2+ 0-1


[Site "https://www.chess.com"]

[Event "Titled Tuesday Blitz July 25 Early 2023"]
[White "Matlakov, Maxim"]
[Black "De Silva, L M S T"]
[WhiteFideId "4168003"]
[BlackFideId "9953698"]
[WhiteElo "2983"]
[BlackElo "2733"]
[Result "1-0"]
[Round "5"]
[TimeControl "180+2"]
[Date "2023.07.25"]
[WhiteClock "0:01:13"]
[BlackClock "0:00:04"]
[Board "25"]

1. d4 Nf6 2. Nf3 e6 3. e3 b6 4. Bd3 Bb7 5. Nbd2 d5 6. b3 Nbd7 7. Bb2 Bd6 8. Qe2 c5 9. O-O O-O 10. Rad1 Qc7 11. c4 e5 12. dxe5 Nxe5 13. Nxe5 Bxe5 14. Bxe5 Qxe5 15. Nf3 Qh5 16. cxd5 Nxd5 17. Qb2 Rae8 18. Be2 Qg6 19. Kh1 Nf6 20. Rd6 Re6 21. Rxe6 fxe6 22. Qe5 Ne4 23. Bc4 Bd5 24. Bxd5 exd5 25. Qxd5+ Kh8 26. Kg1 h6 27. Ne5 Qf5 28. g4 Nc3 29. gxf5 1-0


[Site "https://www.chess.com"]

[Event "Titled Tuesday Blitz July 25 Early 2023"]
[White "Indjic, Aleksandar"]
[Black "Dehtiarov, Roman"]
[WhiteFideId "911925"]
[BlackFideId "14186640"]
[WhiteElo "2961"]
[BlackElo "2731"]
[Result "1-0"]
[Round "5"]
[TimeControl "180+2"]
[Date "2023.07.25"]
[WhiteClock "0:01:49"]
[BlackClock "0:00:00"]
[Board "26"]

1. d4 Nf6 2. Bg5 Ne4 3. h4 h6 4. Bf4 d5 5. f3 Nf6 6. e3 c5 7. c3 Nc6 8. Nd2 e6 9. g4 Bd6 10. Bxd6 Qxd6 11. f4 cxd4 12. cxd4 Nxd4 13. exd4 Qxf4 14. Bb5+ Kf8 15. Ngf3 Nxg4 16. Rg1 a6 17. Be2 Bd7 18. Qb3 Bb5 19. Bxb5 axb5 20. O-O-O Ne3 21. Qd3 Nxd1 22. Kxd1 Kg8 23. Kc2 Rxa2 24. Kb1 Ra8 25. Ne5 Qf5 26. Qxf5 exf5 27. Ndf3 Kh7 28. Nxf7 Rhf8 29. N3e5 Rae8 30. h5 Re7 31. Nd6 Re6 32. Nxb7 f4 33. Nc5 1-0


[Site "https://www.chess.com"]

[Event "Titled Tuesday Blitz July 25 Early 2023"]
[White "Klekowski, Maciej"]
[Black "Ibarra Jerez, Jose Carlos"]
[WhiteFideId "1132717"]
[BlackFideId "2226332"]
[WhiteElo "2726"]
[BlackElo "2937"]
[Result "1-0"]
[Round "5"]
[TimeControl "180+2"]
[Date "2023.07.25"]
[WhiteClock "0:00:04"]
[BlackClock "0:00:03"]
[Board "28"]

1. c4 e5 2. Nc3 Nf6 3. g3 Bb4 4. Bg2 O-O 5. e4 Bc5 6. Nge2 Nc6 7. O-O a6 8. h3 d6 9. d3 b5 10. Kh2 bxc4 11. dxc4 Nd4 12. Be3 Rb8 13. Nxd4 exd4 14. Bxd4 Bxd4 15. Qxd4 Rxb2 16. Nd5 Rb8 17. Rab1 Rxb1 18. Nxf6+ Qxf6 19. Qxf6 gxf6 20. Rxb1 Be6 21. a3 Rc8 22. Bf1 f5 23. exf5 Bxf5 24. Rb7 Be4 25. Ra7 Rb8 26. Bg2 Bxg2 27. Kxg2 Rb3 28. Rxa6 Rc3 29. Rc6 Rxa3 30. Rxc7 Rc3 31. Rc6 Kf8 32. h4 Ke7 33. Rc8 d5 34. c5 d4 35. c6 d3 36. c7 Kd7 37. Rf8 d2 38. Rd8+ Ke6 39. Rxd2 Rxc7 40. Rd8 Kf6 41. Rg8 h6 42. g4 Rc3 43. f3 Ra3 44. Kg3 Ra4 45. Re8 Rc4 46. Re4 Rc1 47. Ra4 Rc6 48. Kf4 Rb6 49. Rc4 Kg6 50. Rc5 Rf6+ 51. Ke4 Rb6 52. Kd5 Rb3 53. Rc6+ Kg7 54. Ke4 Rb4+ 55. Kf5 Rb5+ 56. Kf4 Rb4+ 57. Kg3 Rb3 58. Rd6 Ra3 59. h5 Ra4 60. Kf2 Rb4 61. Ke3 Ra4 62. Rd4 Ra6 63. Ke4 Kf6 64. Rc4 Re6+ 65. Kd5 Re3 66. Rf4+ Kg7 67. Kd4 Re1 68. Re4 Rf1 69. Ke3 Ra1 70. Kf4 Ra5 71. Re5 Ra3 72. Rd5 Kf6 73. Ke4 Ra4+ 74. Rd4 Ra3 75. Rd6+ Kg7 76. Rd5 Ra4+ 77. Kf5 Ra3 78. f4 Ra6 79. g5 Ra1 80. g6 Ra7 81. Rd6 Ra5+ 82. Kg4 Ra7 83. f5 Ra4+ 84. Kf3 f6 85. Rd7+ Kg8 86. Rf7 Ra6 87. Ke4 Rb6 88. Kd5 Ra6 89. Rd7 Kf8 90. Rd6 Ra1 91. Ke6 Rh1 92. Kxf6 Rxh5 93. Rd8# 1-0


[Site "https://www.chess.com"]

[Event "Titled Tuesday Blitz July 25 Early 2023"]
[White "ChessBrah"]
[Black "realmadridfc123"]
[WhiteElo "2926"]
[BlackElo "2720"]
[Result "1-0"]
[Round "5"]
[TimeControl "180+2"]
[Date "2023.07.25"]
[WhiteClock "0:00:41"]
[BlackClock "0:00:02"]
[Board "29"]

1. Nf3 d5 2. g3 c5 3. Bg2 Nf6 4. O-O h6 5. d3 Nc6 6. c4 d4 7. e3 e5 8. exd4 exd4 9. Re1+ Be7 10. Bf4 O-O 11. Ne5 Nxe5 12. Bxe5 Bd6 13. Bxf6 Qxf6 14. Nd2 Qg6 15. Ne4 Be7 16. f4 Rb8 17. Qa4 a6 18. Nf2 Bd8 19. Qa3 Qb6 20. Re5 Qb4 21. Qxb4 cxb4 22. Rae1 Bf6 23. R5e2 g6 24. Bd5 Bd7 25. Kg2 b5 26. Ne4 Be7 27. b3 bxc4 28. dxc4 Kg7 29. Rd2 f5 30. Nf2 Rfe8 31. Nd3 Bd6 32. Ne5 Re7 33. Rxd4 Rbe8 34. Bf3 Bxe5 35. Rxe5 Rxe5 36. fxe5 Bc8 37. Rd5 Kf7 38. Kf2 Re7 39. Rc5 Re8 40. Bc6 Rd8 41. Bd5+ Ke7 42. Ke3 Bd7 43. Kd4 Be8 44. Ra5 g5 45. Rxa6 h5 46. Rh6 f4 47. gxf4 gxf4 48. Ke4 Rd7 1-0


[Site "https://www.chess.com"]

[Event "Titled Tuesday Blitz July 25 Early 2023"]
[White "Darini, Pouria"]
[Black "Gholami Orimi, Mahdi"]
[WhiteFideId "12502200"]
[BlackFideId "12558486"]
[WhiteElo "2718"]
[BlackElo "2901"]
[Result "0-1"]
[Round "5"]
[TimeControl "180+2"]
[Date "2023.07.25"]
[WhiteClock "0:00:17"]
[BlackClock "0:00:25"]
[Board "30"]

1. e4 g6 2. d4 Bg7 3. Nc3 d6 4. Be3 a6 5. Qd2 b5 6. h4 Bb7 7. h5 b4 8. Nd5 e6 9. Nxb4 Bxe4 10. Nf3 gxh5 11. Nd3 Nf6 12. Nf4 Bg6 13. Bd3 Nbd7 14. Nh3 Qb8 15. Rb1 Nd5 16. Bh6 Bxh6 17. Qxh6 Bxd3 18. cxd3 Nc3 19. Ra1 Qxb2 20. O-O Qb5 21. Qg7 Ke7 22. d5 Ne2+ 23. Kh1 Rag8 24. Qh6 Qxd5 25. Rae1 Rxg2 26. Kxg2 Rg8+ 27. Ng5 Rg6 28. Qxh7 Rxg5+ 29. Kh2 Qxf3 0-1


[Site "https://www.chess.com"]

[Event "Titled Tuesday Blitz July 25 Early 2023"]
[White "Turayev, Shahruh"]
[Black "Bacrot, Etienne"]
[WhiteFideId "14003856"]
[BlackFideId "605506"]
[WhiteElo "2712"]
[BlackElo "2864"]
[Result "0-1"]
[Round "5"]
[TimeControl "180+2"]
[Date "2023.07.25"]
[WhiteClock "0:00:34"]
[BlackClock "0:00:22"]
[Board "31"]

1. e4 c5 2. Nc3 Nc6 3. Bb5 Nd4 4. Bc4 e6 5. Nge2 a6 6. a4 Nc6 7. O-O Nf6 8. d3 d5 9. exd5 exd5 10. Ba2 d4 11. Ne4 Nxe4 12. dxe4 Be7 13. Ng3 O-O 14. f4 Be6 15. Bxe6 fxe6 16. Qg4 Qd7 17. Nh5 g6 18. Bd2 c4 19. Rae1 Bb4 20. Re2 d3 21. cxd3 cxd3 22. Ref2 Bc5 23. Kh1 Bxf2 24. Rxf2 Ne5 25. fxe5 Rxf2 26. Nf6+ Kh8 27. h3 Qf7 28. Qg5 Rc8 29. Be3 Re2 30. Kh2 Rcc2 31. Kg3 Rxg2+ 0-1


[Site "https://www.chess.com"]

[Event "Titled Tuesday Blitz July 25 Early 2023"]
[White "Moroni, Luca Jr"]
[Black "Williams, Simon K"]
[WhiteFideId "865834"]
[BlackFideId "404454"]
[WhiteElo "2860"]
[BlackElo "2717"]
[Result "1-0"]
[Round "5"]
[TimeControl "180+2"]
[Date "2023.07.25"]
[WhiteClock "0:00:03"]
[BlackClock "0:00:00"]
[Board "32"]

1. d4 e6 2. Nf3 f5 3. g3 Nf6 4. Bg2 Be7 5. b3 O-O 6. Bb2 d6 7. Nbd2 a5 8. O-O a4 9. c4 a3 10. Bc3 Nc6 11. e3 Ne4 12. Nxe4 fxe4 13. Nd2 d5 14. f3 exf3 15. Nxf3 b6 16. Rf2 Bb7 17. Qc2 Qd6 18. Re1 Nb4 19. Qb1 c5 20. Bxb4 cxb4 21. cxd5 exd5 22. Rc1 Bc8 23. Ne5 Rxf2 24. Kxf2 Bb7 25. Kg1 Bf6 26. Qf5 Re8 27. Ng4 Bd8 28. Qf4 Qxf4 29. gxf4 Re7 30. Kf2 Rc7 31. Rxc7 Bxc7 32. Ne5 Bxe5 33. dxe5 Kf7 34. Ke2 Ba6+ 35. Kd2 Ke6 36. Bh3+ Ke7 37. Bf5 g6 38. Bd3 Bc8 39. Bc2 Ba6 40. Ke1 Ke6 41. Kf2 Bb5 42. Kf3 Ba6 43. Kg4 d4 44. exd4 Kd5 45. h4 Kxd4 46. h5 Kc3 47. Bxg6 Kb2 48. f5 Kxa2 49. f6 Kb2 50. f7 a2 51. f8=Q a1=Q 52. Qf2+ Ka3 53. Bxh7 Qxe5 54. Bf5 Be2+ 55. Kg5 Bd3 56. h6 Kxb3 57. Qf3 Qe7+ 58. Kg4 Ka4 59. Qxd3 b3 60. h7 Ka3 61. h8=Q Ka2 62. Qhc3 1-0


[Site "https://www.chess.com"]

[Event "Titled Tuesday Blitz July 25 Early 2023"]
[White "Koellner, Ruben Gideon"]
[Black "KhalilMousavi98"]
[WhiteFideId "12993093"]
[WhiteElo "2709"]
[BlackElo "2856"]
[Result "1-0"]
[Round "5"]
[TimeControl "180+2"]
[Date "2023.07.25"]
[WhiteClock "0:00:08"]
[BlackClock "0:00:00"]
[Board "33"]

1. d4 Nf6 2. Nf3 e6 3. Nbd2 c5 4. e3 cxd4 5. exd4 b6 6. c3 Bb7 7. Bd3 Bd6 8. O-O Bc7 9. Re1 O-O 10. h3 Re8 11. Ne5 d6 12. Nef3 Nbd7 13. Ne4 Nxe4 14. Bxe4 Bxe4 15. Rxe4 d5 16. Re1 b5 17. a3 a5 18. Bd2 Rb8 19. Qe2 Bd6 20. Rec1 a4 21. Re1 Qc7 22. Rad1 Qc6 23. Qd3 Qc4 24. Bc1 Qxd3 25. Rxd3 Rec8 26. g3 Nb6 27. Kg2 Nc4 28. Re2 h6 29. Nd2 Rc6 30. f4 Rbc8 31. Nxc4 bxc4 32. Rde3 g6 33. Kf3 Kg7 34. Re1 Rb6 35. R3e2 Rcb8 36. g4 Rh8 37. f5 exf5 38. gxf5 gxf5 39. Re8 Rxe8 40. Rxe8 Rb8 41. Re2 Bc7 42. Re7 Bd6 43. Rd7 Rb6 44. Ra7 Bh2 45. Rxa4 f4 46. Kg2 Bg3 47. Ra5 Re6 48. Kf3 Bh2 49. Rxd5 Re1 50. Bxf4 Rf1+ 51. Kg2 Rxf4 52. Kxh2 Rf2+ 53. Kg3 Rxb2 54. Rc5 Rb3 55. Rxc4 Rxa3 56. d5 Kf6 57. Kf4 Ra1 58. Rd4 Rf1+ 59. Ke3 Re1+ 60. Kd3 Ke5 61. Kc4 Kd6 62. Rf4 Re7 63. Kd4 Ra7 64. Rf6+ Ke7 65. Rxh6 Ra4+ 66. c4 Ra3 67. Rh4 Ra1 68. Re4+ Kd7 69. Rf4 Rd1+ 70. Kc5 Ke7 71. d6+ Ke6 72. Re4+ Kf6 73. Rd4 Ra1 74. d7 1-0


[Site "https://www.chess.com"]

[Event "Titled Tuesday Blitz July 25 Early 2023"]
[White "Ilamparthi A R"]
[Black "Panesar Vedant"]
[WhiteFideId "45015775"]
[BlackFideId "35033018"]
[WhiteElo "2853"]
[BlackElo "2709"]
[Result "0-1"]
[Round "5"]
[TimeControl "180+2"]
[Date "2023.07.25"]
[WhiteClock "0:00:12"]
[BlackClock "0:00:20"]
[Board "34"]

1. e4 e5 2. Nf3 Nf6 3. d3 Nc6 4. g3 Bc5 5. Bg2 d6 6. O-O h5 7. h4 Bg4 8. c3 Qd7 9. b4 Bb6 10. a4 a5 11. b5 Ne7 12. Nbd2 g5 13. hxg5 Nh7 14. Nc4 h4 15. Nxb6 cxb6 16. gxh4 Ng6 17. h5 Bxh5 18. Nxe5 dxe5 19. Qxh5 Nhf8 20. Qf3 Ne6 21. Bh3 O-O-O 22. Be3 Kc7 23. d4 Kb8 24. Bxe6 fxe6 25. dxe5 Qh7 26. Rfd1 Rdf8 27. Qg2 Nh4 28. Qg3 Qxe4 29. Rd7 Rf3 30. Qh2 Rxe3 0-1


[Site "https://www.chess.com"]